 Dungeon Crawl Stone Soup version 0.16.2-12-gd0ad4c3 (webtiles) character file.

240899 Peloso the Minotaur Blade (level 19, 0/180 HPs)
             Began as a Minotaur Fighter on Oct 4, 2015.
             Was the Champion of Okawaru.
             Killed by vampiric draining
             ... invoked by a deep elf death mage
              (16 damage)
             ... on level 3 of the Elven Halls.
             The game lasted 03:12:48 (47854 turns).

Peloso the Minotaur Blade (Minotaur Fighter)       Turns: 47854, Time: 03:12:52

Health: 0/180      AC: 31    Str: 26    XL:     19   Next: 6%
Magic:  0/15       EV: 12    Int:  9    God:    Okawaru [******]
Gold:   2477       SH:  0    Dex: 13    Spells: 0 memorised, 18 levels left

rFire  + . .     SeeInvis .     Z - +2 triple sword (holy)
rCold  . . .     Clarity  .     P - +15 plate armour of the Oligarchy {+Blink +Inv rC- Int+4}
rNeg   . . .     SustAb   .     (no shield)
rPois  +         Gourm    .     V - +2 hat {MR+}
rElec  .         Spirit   +     Q - +2 cloak {MR+}
rCorr  .         Warding  .     (no gloves)
rMut   .         Stasis   .     F - +2 pair of boots {Fly}
MR     ++++.                    q - amulet of guardian spirit
Stlth  ..........               B - ring of protection from cold
                                I - ring of Zin's Righteous Fury {Wiz rPois rF+ MR+ Stlth+}

@: lethally poisoned (0 -> -1), corroded equipment, flying, hasted, drained,
very quick, incredibly resistant to hostile enchantments, extremely unstealthy
A: retaliatory headbutt, horns 2, no device heal 1, MP-powered wands 1
a: Heroism, Finesse, Renounce Religion, Evoke Blink, Evoke Invisibility, Stop
Flying
}: 1/15 runes: serpentine


You were on level 3 of the Elven Halls.
You worshipped Okawaru.
Okawaru was exalted by your worship.
You were hungry.

You visited 6 branches of the dungeon, and saw 36 of its levels.
You visited the Abyss 1 time.
You also visited: Wizlab.

You collected 4031 gold pieces.
You spent 1554 gold pieces at shops.

Inventory:

Hand weapons
 w - a +3 scimitar of flaming
 y - the +5 great sword of Depageda {slice, Str+8}
   (You bought it in a shop on level 6 of the Dungeon)

   It inflicts extra damage upon your enemies.
   It affects your strength (+8).
 z - a +1 demon blade of venom
 O - the +5 double sword "Plirchy" {venom, +Fly rElec rPois MP+9 Stlth-}
   (Okawaru gifted it to you on level 6 of the Lair of Beasts)

   It poisons the flesh of those it strikes.
   It insulates you from electricity.
   It protects you from poison.
   It affects your magic capacity (+9).
   It lets you fly.
   It makes you less stealthy.
 R - the +6 Majin-Bo {vamp, Archmagi MP+6 Int+6}
   (You found it in a wizard's laboratory)

   It inflicts no extra harm, but heals its wielder somewhat when it strikes a
   living foe.
   It affects your intelligence (+6).
   It affects your magic capacity (+6).
 Z - a +2 triple sword of holy wrath (weapon)
Armour
 c - a +1 shield
 r - the +1 troll leather armour "Koziqeaq" {+Fly Regen+ rCorr Str-4 Int+3 SInv}
   (Okawaru gifted it to you on level 4 of the Lair of Beasts)

   It affects your strength (-4).
   It affects your intelligence (+3).
   It enhances your eyesight.
   It lets you fly.
   It increases your rate of regeneration.
   It protects you from acid and corrosion.
 E - a +2 buckler
 F - a +2 pair of boots of flying (worn)
 P - the +15 plate armour of the Oligarchy (worn) {+Blink +Inv rC- Int+4}
   (Okawaru gifted it to you on level 10 of the Dungeon)

   It affects your intelligence (+4).
   It makes you vulnerable to cold.
   It lets you turn invisible.
   It lets you blink.
 Q - a +2 cloak of magic resistance (worn)
 V - a +2 hat of magic resistance (worn)
 W - the +0 cloak of the Guilds {rPois rN+ Str-3 Dex+4}
   (Okawaru gifted it to you on level 4 of the Snake Pit)

   It affects your strength (-3).
   It affects your dexterity (+4).
   It protects you from poison.
   It protects you from negative energy.
 X - a +0 ice dragon armour
Jewellery
 q - an amulet of guardian spirit (around neck)
 x - an uncursed amulet of resist mutation
 B - a ring of protection from cold (right hand)
 G - an uncursed ring of protection from cold
 I - the ring of Zin's Righteous Fury (left hand) {Wiz rPois rF+ MR+ Stlth+}
   (You bought it in a shop on level 4 of the Orcish Mines)

   [ring of wizardry]

   It improves your spell success rate.
   It protects you from fire.
   It protects you from poison.
   It affects your resistance to hostile enchantments.
   It makes you more stealthy.
 T - a +4 ring of protection
 U - the ring of Thec {rElec rPois rF+ Str-5 Int+4 Dex+3}
   (You found it on level 4 of the Snake Pit)

   [ring of intelligence]

   It affects your strength (-5).
   It affects your intelligence (+4).
   It affects your dexterity (+3).
   It protects you from fire.
   It insulates you from electricity.
   It protects you from poison.
 Y - an uncursed ring of fire
Magical devices
 m - a wand of heal wounds (0)
 J - a wand of digging (7)
 L - a wand of fireball (4)
Scrolls
 a - 3 scrolls of summoning
 i - 2 scrolls of enchant armour
 k - 12 scrolls of remove curse
 p - 5 scrolls of teleportation
 s - 3 scrolls of enchant weapon
 t - 4 scrolls of fog
 u - 5 scrolls of magic mapping
 C - 9 scrolls of fear
 D - 4 scrolls of identify
 M - a scroll of amnesia
 N - a scroll of silence
Potions
 b - a potion of brilliance
 e - 4 potions of might
 g - 3 potions of haste
 h - 5 potions of flight
 j - 2 potions of resistance
 l - 4 potions of agility
 n - 2 potions of restore abilities
 o - 11 potions of curing
 v - 2 potions of magic
 H - 3 potions of heal wounds
Comestibles
 d - 15 bread rations
 f - 16 meat rations
 A - 12 fruits
 K - 21 royal jellies


   Skills:
 + Level 18.5(17.6) Fighting
 + Level 23.0(21.9) Long Blades
 + Level 16.5(15.6) Armour
 + Level 8.8(8.0) Dodging
 + Level 2.0(1.4) Stealth
 + Level 18.6(17.7) Shields
 + Level 2.8(2.2) Invocations
 + Level 0.6(0.0) Evocations


You had 18 spell levels left.
You didn't know any spells.

Dungeon Overview and Level Annotations

Branches:
Dungeon (15/15)            Temple (1/1) D:4            Lair (8/8) D:8
  Swamp (0/5) Lair:6        Snake (5/5) Lair:4        Slime (0/6) Lair:6
    Orc (4/4) D:9             Elf (3/3) Orc:4        Vaults (0/5) D:13
 Depths (0/5) D:15

Altars:
Ashenzari
Cheibriados
Dithmenos
Elyvilon
Fedhas
Gozag
Kikubaaqudgha
Makhleb
Nemelex Xobeh
Okawaru
Qazlal
Ru
Sif Muna
Trog
Vehumet
Xom
Yredelemnul
Zin
The Shining One
Beogh

Shops:
D:6 (!   D:13 *   D:15 *   Orc:1 !   Orc:4 *[(=   Elf:3 !


Innate Abilities, Weirdness & Mutations

You reflexively headbutt those who attack you in melee.
You have a pair of horns on your head.
Potions and wands are less effective at restoring your health.
You expend magic power (3 MP) to slightly strengthen your wands.


Message History

You slice the Shadow Fiend!!
The Shadow Fiend convulses!
You headbutt the Shadow Fiend, but do no damage.
The Shadow Fiend is moderately wounded.
The Shadow Fiend calls on the powers of darkness!
Your body is wracked with pain!
* * * LOW HITPOINT WARNING * * *
Unknown command.
Drink which item? (? for menu, Esc to quit)
You feel much better.
You feel sick. The cacodemon gestures at you. You resist with almost no effort.
Drink which item? (? for menu, Esc to quit)
You feel yourself speed up.
The Shadow Fiend calls on the powers of darkness!
Your body is wracked with pain!
* * * LOW HITPOINT WARNING * * *
The deep elf death mage convulses!
The deep elf sorcerer convulses!
The deep elf demonologist convulses! x2
The deep elf death mage is infused with unholy energy.
You die...

PP..#
*,,,,,,,,,*#.#*,,,,,,,
PP..#
*,,,,,,,,,*#.#*,,,,,,,
PP..#
*,,,,,,,,,*#.#*,,,,,,,
PP..#
***+*******#.#********
...## *,,,*
######.######*,, ..##
*,,,* #...≈≈.≈≈...#***
'##
*,,,###).)≈≈.§≈...#***
.#
*,**#1)2..≈≈.≈≈....,,,
.# *,*
#@#).§§≈.§≈e..#**, .#
*,**#e######.######,**
.#
*,**.ee,,,,...4,,,,,,*
.#
*,*..e.4,,,.....,,,,,,
.#
*,'.....e,,.§ee,,,,,,,
.#
*.#.......,,.,,,,,,,,,
.#
#.##.......,,,,,,,,,,*
.#
*,*###....,,,,,,,,,***
.##### *,*
*#**,,,,,,,****


You could see a Shadow Fiend, a cacodemon, a deep elf annihilator, a deep elf
death mage, a deep elf sorcerer, 2 deep elf demonologists and a red devil.

Vanquished Creatures
  Norris (D:13)
  Nikola (Snake:3)
  A Hellbinder (WizLab)
  Vashnia (Snake:3)
  A deep elf blademaster (Elf:2)
  Rupert (D:12)
  The ghost of Peloso the Peltast, a mighty MiFi of Okawaru (Elf:3)
  Frances (D:15)
  6 greater nagas (Snake:5)
  2 orc warlords
  Aizul (Snake:3)
  A cacodemon (WizLab)
  Louise (D:15)
  3 deep elf sorcerers
  A reaper (WizLab)
  A stone giant (Orc:3)
  3 rakshasas (D:15)
  5 deep elf demonologists
  A lorocyproca (Abyss:3)
  The ghost of CcS the Spear-Bearer, a powerful DgFE (Lair:7)
  A blizzard demon (WizLab)
  2 green deaths (WizLab)
  2 deep elf high priests
  Harold (Orc:4)
  17 naga warriors
  7 hydras
  2 centaur warriors
  Nessos (Orc:3)
  Erica (Lair:6)
  13 anacondas
  2 hell beasts (WizLab)
  12 dancing weapons (Elf:2)
  10 death yaks
  2 orc high priests (Orc:4)
  22 naga sharpshooters
  A titan zombie (D:15)
  11 shock serpents
  A soul eater (WizLab)
  2 ice devils (WizLab)
  7 salamander mystics (Snake:5)
  A fire crab (Lair:8)
  2 skeletal warriors
  2 flayed ghosts
  14 deep elf knights
  8 deep elf summoners
  12 naga ritualists
  A golden dragon skeleton (D:15)
  Pikel (D:7)
  3 hill giants
  An unseen horror (D:15)
  19 mana vipers
  9 deep elf conjurers
  A griffon (Lair:7)
  8 orc knights
  A necromancer (D:15)
  2 wizards
  4 lindwurms (Snake:5)
  3 cyclopes
  43 black mambas
  4 oklob plants
  2 manticores
  2 orc sorcerers
  8 salamanders
  12 ugly things
  10 elephants
  A fire giant skeleton (D:15)
  8 guardian serpents (Snake:5)
  A spriggan zombie (D:15)
  Joseph (D:12)
  2 centaur zombies
  A torpor snail (Lair:7)
  6 centaur skeletons
  Psyche (D:8)
  A gargoyle (D:14)
  16 naga magi
  2 hellions (WizLab)
  An orange demon (WizLab)
  An efreet (D:15)
  A demonic crawler (Elf:2)
  3 kobold demonologists
  12 komodo dragons
  14 spiny frogs
  A yaktaur (D:15)
  A blue devil (WizLab)
  A queen bee (Lair:7)
  11 deep elf priests
  A hellwing (WizLab)
  The ghost of Peloso the Covered, an average MiFi (D:3)
  2 red devils (WizLab)
  A freezing wraith (D:15)
  3 giant leeches (Lair:8)
  Sonja (D:12)
  2 fire drakes (D:15)
  19 blink frogs
  A troll (shapeshifter) (D:14)
  A two-headed ogre (D:15)
  3 boulder beetles
  A raven (Lair:4)
  8 trolls
  2 trapdoor spiders
  6 basilisks
  A redback (Elf:2)
  2 wraiths
  2 ynoxinuls (WizLab)
  36 deep elf magi
  3 tarantellas
  28 deep elf fighters
  7 wyverns (D:15)
  19 hippogriffs
  A steam dragon (D:10)
  5 wargs
  15 humans (D:13)
  47 yaks
  3 hungry ghosts
  6 vampire mosquitoes (Lair:8)
  15 porcupines
  12 wolves
  43 nagas
  A mottled dragon (D:15)
  A soldier ant (shapeshifter) (Elf:3)
  24 water moccasins
  2 wasps
  A hell hound (D:15)
  2 soldier ants
  44 orc warriors
  A hornet simulacrum (D:15)
  An eye of draining (D:10)
  2 black bears
  3 necrophages
  2 sky beasts
  3 ice beasts
  8 ogres
  9 centaurs
  6 phantoms
  2 boggarts (Elf:1)
  4 big kobolds
  A boring beetle (Lair:5)
  39 giant frogs
  3 elf zombies (D:7)
  14 crocodiles
  6 scorpions
  7 electric eels (Lair:8)
  29 killer bees
  7 wights
  6 jellies
  2 human zombies (D:7)
  2 crimson imps
  5 goliath beetles
  27 orc priests
  2 giant frog zombies (D:9)
  6 hounds
  2 human skeletons (D:7)
  5 giant frog skeletons
  A gnoll shaman (D:5)
  3 iguanas
  38 orc wizards
  3 hell rats
  21 worker ants
  23 sheep
  Ijyb (D:5)
  An ogre skeleton (D:7)
  3 mummies
  6 gnolls
  A worker ant zombie (D:9)
  22 adders
  18 river rats
  5 shadow imps
  2 worms (D:3)
  2 ufetubi (WizLab)
  An adder skeleton (D:5)
  9 giant geckos
  An ooze (D:8)
  237 orcs
  17 bats
  2 bat skeletons
  7 giant cockroaches
  18 hobgoblins
  8 jackals
  10 quokkas
  3 ball pythons
  A ball python skeleton (D:4)
  4 giant newts
  13 goblins
  23 kobolds
  A quokka zombie (D:7)
  10 rats
  8 ballistomycetes
  A bush (Elf:1)
  4 fungi
  3 plants
1517 creatures vanquished.

Vanquished Creatures (others)
  A water moccasin (Snake:3)
  A naga (Snake:4)
  2 orc wizards
  A giant frog skeleton (D:7)
  An iguana (D:7)
  5 sheep (Lair:5)
  A river rat (Lair:8)
  A shadow imp (WizLab)
  2 orcs
  3 giant spores
  2 bushes (Lair:2)
  12 fungi
  8 plants
  6 starspawn tentacles (Abyss:3)
  4 starspawn tentacle segments (Abyss:3)
50 creatures vanquished.

Grand Total: 1567 creatures vanquished

Notes
Turn   | Place    | Note
--------------------------------------------------------------
     0 | D:1      | Peloso, the Minotaur Fighter, began the quest for the Orb.
     0 | D:1      | Reached XP level 1. HP: 19/19 MP: 1/1
   231 | D:1      | Reached XP level 2. HP: 27/27 MP: 1/1
   322 | D:1      | Reached skill level 4 in Armour
   668 | D:2      | Reached XP level 3. HP: 18/33 MP: 2/2
  1457 | D:3      | Reached skill level 1 in Dodging
  1457 | D:3      | Reached XP level 4. HP: 24/40 MP: 2/2
  1614 | D:3      | Noticed Peloso's ghost (average MiFi)
  1628 | D:3      | Killed Peloso's ghost
  1628 | D:3      | Reached skill level 5 in Armour
  1628 | D:3      | Reached skill level 5 in Shields
  1628 | D:3      | Reached XP level 5. HP: 37/47 MP: 2/2
  1628 | D:3      | Reached XP level 6. HP: 41/53 MP: 3/3
  2319 | D:4      | Found a staircase to the Ecumenical Temple.
  2330 | Temple   | Entered the Ecumenical Temple
  2459 | Temple   | Became a worshipper of Warmaster Okawaru
  2840 | D:4      | Reached skill level 6 in Shields
  3059 | D:5      | Entered Level 5 of the Dungeon
  3115 | D:5      | Reached XP level 7. HP: 60/60 MP: 3/3
  3218 | D:5      | Noticed Ijyb
  3232 | D:5      | Killed Ijyb
  3238 | D:5      | Found a blossoming altar of Fedhas.
  3470 | D:4      | Reached skill level 5 in Fighting
  3629 | D:5      | Acquired Okawaru's first power
  3629 | D:5      | Reached skill level 5 in Long Blades
  3678 | D:5      | Reached skill level 7 in Shields
  3801 | D:5      | Found a white marble altar of Elyvilon.
  3806 | D:5      | Found a shattered altar of Ashenzari.
  3806 | D:5      | Found a basalt altar of Yredelemnul.
  3807 | D:5      | Found a radiant altar of Vehumet.
  3809 | D:5      | Found an ancient bone altar of Kikubaaqudgha.
  4135 | D:5      | Reached XP level 8. HP: 46/68 MP: 3/3
  4729 | D:6      | Found Blam Husa's Weapon Emporium.
  4861 | D:6      | Got a pair of scorched gloves
  4869 | D:6      | Identified the -5 pair of gloves "Sappudgh" {Dex+3 Slay+2} (You found it on level 6 of the Dungeon)
  4880 | D:6      | Found Ustrism's Distillery.
  4892 | D:6      | Reached skill level 8 in Shields
  5713 | D:7      | Reached XP level 9. HP: 39/75 MP: 1/4
  5865 | D:7      | Noticed Pikel
  5885 | D:7      | Killed Pikel
  5885 | D:7      | Reached skill level 9 in Shields
  6315 | D:7      | Reached skill level 10 in Shields
  6320 | D:7      | Found an ancient bone altar of Kikubaaqudgha.
  6568 | D:8      | Found a staircase to the Lair.
  6609 | D:8      | Noticed an elephant
  6633 | D:8      | Killed an elephant
  6633 | D:8      | Reached XP level 10. HP: 68/86 MP: 4/4
  6961 | D:8      | Found a deep blue altar of Sif Muna.
  6974 | D:8      | Noticed Psyche
  6988 | D:8      | Killed Psyche
  7017 | D:8      | Acquired Okawaru's second power
  7266 | D:8      | Reached skill level 5 in Dodging
  7940 | D:8      | Reached skill level 11 in Shields
  8251 | D:9      | Found a staircase to the Orcish Mines.
  8792 | D:10     | Entered Level 10 of the Dungeon
  8893 | D:10     | Noticed a hill giant
  8903 | D:10     | Killed a hill giant
  8903 | D:10     | Reached skill level 10 in Long Blades
  8912 | D:10     | Found an iron altar of Okawaru.
  9047 | D:10     | Received a gift from Okawaru
  9057 | D:10     | Got a slimy plate armour {god gift}
  9090 | D:10     | Identified the +15 plate armour of the Oligarchy {+Blink +Inv rC- Int+4} (Okawaru gifted it to you on level 10 of the Dungeon)
  9111 | D:10     | Reached XP level 11. HP: 91/95 MP: 4/4
  9138 | D:10     | Reached skill level 12 in Shields
  9744 | D:11     | Found an iron altar of Okawaru.
 10507 | D:11     | Reached skill level 10 in Armour
 10924 | D:12     | Noticed Sonja
 11096 | D:12     | Reached skill level 10 in Fighting
 11148 | D:12     | Cast into the Abyss (Sonja)
 11148 | Abyss:1  | Found a corrupted altar of Lugonu.
 11185 | Abyss:1  | Reached skill level 13 in Shields
 11391 | Abyss:3  | Noticed a tentacled starspawn
 11489 | Abyss:3  | Noticed a thrashing horror
 11502 | Abyss:3  | Noticed a tentacled starspawn
 11564 | Abyss:3  | Killed a lorocyproca
 11568 | D:12     | Escaped the Abyss
 11590 | D:12     | Killed Sonja
 11880 | D:12     | Noticed a flayed ghost
 11882 | D:12     | You fall through a shaft!
 11883 | D:13     | Noticed Rupert
 11883 | D:13     | Noticed a centaur warrior
 12072 | D:13     | Found Chyhac's General Store.
 12094 | D:13     | Reached XP level 12. HP: 106/106 MP: 5/5
 12113 | D:13     | Killed a centaur warrior
 12256 | D:13     | Noticed a hill giant
 12262 | D:13     | Killed a hill giant
 12371 | D:13     | Received a gift from Okawaru
 12382 | D:13     | Found a runed door.
 12412 | D:13     | Reached skill level 14 in Shields
 12540 | D:13     | Found a gate to the Vaults.
 12547 | D:13     | Noticed Norris
 12857 | D:12     | Found an iron altar of Okawaru.
 12857 | D:12     | Noticed Joseph
 12871 | D:12     | Killed Joseph
 13146 | Orc:1    | Entered Level 1 of the Orcish Mines
 14216 | D:4      | You fall through a shaft!
 15193 | D:6      | Bought the +5 great sword of Depageda {slice, Str+8} for 819 gold pieces
 15297 | Orc:4    | Entered Level 4 of the Orcish Mines
 15423 | Orc:4    | Found a roughly hewn altar of Beogh.
 15442 | Orc:4    | Found Greagrer's General Store.
 15490 | Orc:4    | Reached skill level 1 in Stealth
 15497 | Orc:4    | Found a roughly hewn altar of Beogh.
 15528 | Orc:4    | Found Vairaing's Jewellery Shoppe.
 15660 | Orc:4    | Noticed an orc warlord
 15684 | Orc:4    | Received a gift from Okawaru
 15737 | Orc:4    | Killed an orc warlord
 15803 | Orc:4    | Found Ruqips' Antique Armour Emporium.
 15803 | Orc:4    | Found a roughly hewn altar of Beogh.
 15810 | Orc:4    | Found Kloneo's Antique Weapon Shoppe.
 15908 | Orc:4    | Found a staircase to the Elven Halls.
 15911 | Orc:4    | Noticed Harold
 15933 | Orc:4    | Killed Harold
 15948 | Orc:4    | Found a roughly hewn altar of Beogh.
 15976 | Orc:4    | Reached XP level 13. HP: 106/117 MP: 5/6
 16183 | Orc:4    | Found a roughly hewn altar of Beogh.
 16602 | Orc:3    | Noticed Nessos
 16805 | Orc:3    | Killed Nessos
 16864 | Orc:3    | Noticed a stone giant
 16881 | Orc:3    | Killed a stone giant
 16881 | Orc:3    | Reached skill level 1 in Invocations
 17897 | Orc:1    | Found Iruilokh's Distillery.
 18472 | Orc:4    | Bought the ring of Zin's Righteous Fury {Wiz rPois rF+ MR+ Stlth+} for 735 gold pieces
 18733 | D:12     | Killed a flayed ghost
 18751 | D:12     | Killed Rupert
 18751 | D:12     | Received a gift from Okawaru
 18987 | D:13     | Killed Norris
 18987 | D:13     | Received a gift from Okawaru
 18987 | D:13     | Reached skill level 15 in Long Blades
 19370 | D:13     | Identified a +1 pair of boots of running (Okawaru gifted it to you on level 13 of the Dungeon)
 20375 | D:15     | Entered Level 15 of the Dungeon
 20375 | D:15     | Noticed Louise
 20395 | D:15     | Killed Louise
 20435 | D:15     | Reached XP level 14. HP: 31/129 MP: 1/8
 20755 | D:15     | Found Smeylen's General Store.
 20901 | D:15     | Noticed Frances
 20910 | D:15     | Reached skill level 16 in Long Blades
 20917 | D:15     | Killed Frances
 21284 | D:15     | Received a gift from Okawaru
 21844 | D:15     | Got a slimy ring mail {god gift}
 21888 | D:15     | Identified the +0 ring mail of Ginanaro {rN+} (Okawaru gifted it to you on level 15 of the Dungeon)
 22052 | D:15     | Found a staircase to the Depths.
 22396 | D:15     | Reached skill level 17 in Long Blades
 22951 | Lair:1   | Entered Level 1 of the Lair of Beasts
 23324 | Lair:1   | Found a bloodstained altar of Trog.
 25436 | Lair:4   | Received a gift from Okawaru
 25493 | Lair:4   | Got a steaming troll leather armour {god gift}
 25504 | Lair:4   | Identified the +1 troll leather armour "Koziqeaq" {+Fly Regen+ rCorr Str-4 Int+3 SInv} (Okawaru gifted it to you on level 4 of the Lair of Beasts)
 25585 | Lair:4   | Reached XP level 15. HP: 116/139 MP: 10/10
 25793 | Lair:4   | Reached skill level 18 in Long Blades
 25816 | Lair:4   | Found a staircase to the Snake Pit.
 27291 | Lair:5   | Found a shimmering altar of Xom.
 27654 | Lair:5   | Reached skill level 15 in Fighting
 27981 | Lair:6   | Found a staircase to the Swamp.
 27991 | Lair:6   | Got a polished scale mail
 28056 | Lair:6   | Noticed Erica
 28072 | Lair:6   | Killed Erica
 28229 | Lair:6   | Found a staircase to the Slime Pits.
 28603 | Lair:6   | Received a gift from Okawaru
 28606 | Lair:6   | Got a steaming double sword {god gift}
 28607 | Lair:6   | Identified the +5 double sword "Plirchy" {venom, +Fly rElec rPois MP+9 Stlth-} (Okawaru gifted it to you on level 6 of the Lair of Beasts)
 29231 | Lair:7   | Noticed CcS's ghost (powerful DgFE)
 29253 | Lair:7   | Killed CcS's ghost
 29592 | Lair:7   | Reached skill level 19 in Long Blades
 30085 | Lair:8   | Entered Level 8 of the Lair of Beasts
 30389 | Lair:8   | Reached skill level 15 in Shields
 30401 | Lair:8   | Received a gift from Okawaru
 30591 | Lair:8   | Got an ichor-stained falchion
 30603 | Lair:8   | Identified the +0 falchion of Responsibility {slice, rElec rPois} (You found it on level 8 of the Lair of Beasts)
 30710 | Lair:8   | Gained mutation: You have supernaturally acute eyesight. [potion of beneficial mutation]
 30959 | Lair:8   | Identified the +4 scale mail "Wubuc" {MR- Str+2 Int+5} (You found it on level 6 of the Lair of Beasts)
 31815 | Snake:1  | Entered Level 1 of the Snake Pit
 31973 | Snake:1  | Found a shadowy altar of Dithmenos.
 31981 | Snake:1  | Reached XP level 16. HP: 149/149 MP: 10/10
 32267 | Snake:1  | Got a translucent rapier
 32268 | Snake:1  | Identified the +2 rapier of Expedience {pierce, +Blink rC- SInv} (You found it on level 1 of the Snake Pit)
 34327 | Snake:3  | Noticed Vashnia
 34367 | Snake:3  | Killed Vashnia
 34367 | Snake:3  | Received a gift from Okawaru
 34464 | Snake:3  | Reached skill level 20 in Long Blades
 34708 | Snake:3  | Noticed Aizul
 34732 | Snake:3  | Killed Aizul
 34859 | Snake:3  | Noticed Nikola
 34876 | Snake:3  | Killed Nikola
 35369 | Snake:3  | Reached skill level 15 in Armour
 35588 | Snake:4  | Got a warped ivory ring
 35597 | Snake:4  | Identified the ring of Thec {rElec rPois rF+ Str-5 Int+4 Dex+3} (You found it on level 4 of the Snake Pit)
 35717 | Snake:4  | Received a gift from Okawaru
 35723 | Snake:4  | Got a jewelled cloak {god gift}
 35744 | Snake:4  | Identified the +0 cloak of the Guilds {rPois rN+ Str-3 Dex+4} (Okawaru gifted it to you on level 4 of the Snake Pit)
 36348 | Snake:4  | Reached XP level 17. HP: 114/159 MP: 12/12
 37067 | Snake:5  | Entered Level 5 of the Snake Pit
 38034 | Snake:5  | Reached skill level 21 in Long Blades
 38359 | Snake:5  | Received a gift from Okawaru
 39958 | Snake:5  | Received a gift from Okawaru
 41365 | Snake:5  | Got a serpentine rune of Zot
 41484 | Snake:5  | Received a gift from Okawaru
 41484 | Snake:5  | Reached XP level 18. HP: 124/170 MP: 14/14
 42402 | Elf:1    | Entered Level 1 of the Elven Halls
 42555 | Elf:1    | Found a magical portal.
 42570 | WizLab   | Entered The Hall of Onuar the Hellbinder
 42700 | WizLab   | Lost mutation: You have supernaturally acute eyesight. [a cacodemon]
 42703 | WizLab   | Gained mutation: You expend magic power (3 MP) to slightly strengthen your wands. [a cacodemon]
 42755 | WizLab   | Reached skill level 22 in Long Blades
 43342 | WizLab   | Noticed Onuar
 43378 | WizLab   | Killed Onuar the Hellbinder
 43391 | WizLab   | Found a burning altar of Makhleb.
 43431 | WizLab   | Identified the Catalogue of the Entourage
 43437 | WizLab   | Identified Mnoleg's Reference Book on Calling
 44824 | Elf:2    | Received a gift from Okawaru
 45517 | Elf:2    | Found a huge runed gate.
 45517 | Elf:2    | Found a huge runed gate.
 45517 | Elf:2    | Found a huge runed gate.
 45527 | Elf:2    | Found a huge runed gate.
 45527 | Elf:2    | Found a huge runed gate.
 46862 | Elf:2    | Received a gift from Okawaru
 47127 | Elf:3    | Entered Level 3 of the Elven Halls
 47151 | Elf:3    | Found Laoxkuyc's Distillery.
 47154 | Elf:3    | Noticed Peloso's ghost (mighty MiFi)
 47183 | Elf:3    | Killed Peloso's ghost
 47540 | Elf:3    | Reached XP level 19. HP: 127/180 MP: 12/15
 47843 | Elf:3    | Gained mutation: Potions and wands are less effective at restoring your health. [a cacodemon]
 47844 | Elf:3    | Reached skill level 23 in Long Blades
 47850 | Elf:3    | HP: 8/180 [Shadow Fiend/bolt of negative energy[a deep elf demonologist] (30)]
 47854 | Elf:3    | Killed from afar by a deep elf death mage

Action                   |  1- 3 |  4- 6 |  7- 9 | 10-12 | 13-15 | 16-18 | 19-21 || total
-------------------------+-------+-------+-------+-------+-------+-------+-------++-------
Melee: Long sword        |   114 |   129 |   517 |   925 |       |       |       ||  1685
       Scimitar          |       |       |       |   198 |       |       |       ||   198
       Great sword       |       |       |       |   179 |  1028 |       |       ||  1207
       Double sword      |       |       |       |       |   495 |  1607 |       ||  2102
       Triple sword      |       |       |       |       |       |   293 |    29 ||   322
Invok: Heroism           |       |       |     1 |     4 |     8 |     5 |       ||    18
       Finesse           |       |       |       |       |       |     1 |       ||     1
Evoke: Wand              |       |       |       |       |     2 |     4 |       ||     6
  Use: Potion            |       |     1 |       |     4 |     3 |     6 |     3 ||    17
       Scroll            |       |    14 |     1 |    17 |    11 |    13 |       ||    56
  Eat: Chunk             |       |     4 |    11 |    27 |    36 |    37 |     2 ||   117
       Pizza             |       |     1 |       |     2 |       |     1 |       ||     4
       Fruit             |       |       |     2 |     1 |     4 |    11 |       ||    18
       Beef jerky        |       |       |       |     2 |     6 |     1 |       ||     9
